 Dungeon Crawl Stone Soup version 0.28-a0-1182-g381e24db82 (webtiles) character file.

Game seed: 17920497838624976300

9 spaghetti the Charlatan (level 2, 22/24 HPs)
             Began as a Deep Dwarf Artificer on Dec 16, 2021.
             Quit the game on level 1 of the Dungeon.
             The game lasted 00:01:18 (133 turns).

spaghetti the Charlatan (Deep Dwarf Artificer)       Turns: 133, Time: 00:01:19

Health: 22/24      AC:  3    Str: 15    XL:     2   Next: 3%
Magic:  1/1        EV: 11    Int: 11    God:
Gold:   0          SH:  0    Dex: 13    Spells: 1/1 levels left

rFire   . . .      SeeInvis .   a - +0 club {mace}
rCold   . . .      Faith    .   (no shield)
rNeg    . . .      Spirit   .   b - +0 leather armour
rPois   .          Reflect  .   (no helmet)
rElec   .          Harm     .   (no cloak)
rCorr   .          Rampage  .   (no gloves)
Will    .....                   (no boots)
Stlth   ++........              (no amulet)
HPRegen 0.00/turn               (no ring)
MPRegen 0.07/turn               (no ring)

@: no status effects
A: damage resistance, heal wounds, sense surroundings 1, no regeneration
a: Heal Wounds


You were on level 1 of the Dungeon.
You visited 1 branch of the dungeon, and saw 1 of its levels.


Innate Abilities, Weirdness & Mutations

You are resistant to damage.
You can heal yourself by infusing magical energy.
You passively map a small area around you.
You do not regenerate.


   Skills:
 - Level 0.8 Fighting
 - Level 2.1 Armour
 - Level 1.1 Dodging
 * Level 2.8 Stealth
 - Level 4.0 Evocations


You had one spell level left.
You didn't know any spells.
Your spell library was empty.

Inventory:

Hand Weapons
 a - a +0 club (weapon) {mace}
Missiles
 f - 48 stones {throwing}
Armour
 b - a +0 leather armour (worn)
Wands
 c - a wand of flame (13) (quivered)
 d - a wand of charming (15)
Miscellaneous
 e - a piece from Xom's chessboard (15/15)

Dungeon Overview and Level Annotations

Branches:
Dungeon (1/15)

Altars:

### #.. #.# * #.# * ,
#####.# ### # * ,
#...#@# ..#.+ , *
###...#)#..b..# ,,
........#.....+,
..............# , ,
....##..#.....+ , ,
*###. #..#.....# * *
...... #.*#..#*#...+
......####.##..#
#...#**
.........##.....#.....+


There were no monsters in sight!


Message History

The ball python bites you but does no damage.
The ball python grabs you. The ball python constricts you.
Unknown command.
You closely miss the ball python. The ball python bites you.
The ball python constricts you.
You barely miss the ball python.
The ball python bites you but does no damage.
The ball python constricts you. The ball python bites you.
The ball python constricts you.
You hit the ball python.
You kill the ball python!
The bat barely misses you. The quokka bites you. 😕 HP[-1]
You take 1 damage, and now have 14/16 hp.
You barely miss the quokka. The quokka barely misses you.
You closely miss the quokka. The quokka misses you.
The quokka bites you. 😮 HP[-3]
You take 3 damage, and now have 11/16 hp.
You barely miss the quokka. The quokka closely misses you.
The quokka barely misses you.
You hit the quokka. The quokka closely misses you.
You barely miss the quokka. The quokka barely misses you. x2
You barely miss the quokka. The quokka bites you. 😮 HP[-1]
You take 1 damage, and now have 10/16 hp.
You hit the quokka.
The quokka bites you but does no damage.
The quokka bites you.
You completely miss the quokka. The quokka barely misses you.
You barely miss the quokka. The quokka bites you. x2
You hit the quokka.
You kill the quokka!
The bat hits you but does no damage. The bat barely misses you.
You hit the bat. The bat misses you.
You barely miss the bat. The bat closely misses you. x2
You miss the bat. The bat barely misses you. x2
You closely miss the bat. The bat barely misses you. The bat misses you.
You hit the bat. The bat hits you but does no damage.
The bat barely misses you.
You hit the bat.
You kill the bat!
Your Stealth skill increases to level 2!
You miss the kobold. The kobold hits you but does no damage.
You closely miss the kobold. The kobold hits you but does no damage.
The kobold hits you with a +0 whip.
* * * LOW HITPOINT WARNING * * *
😨 HP[-2]
You take 2 damage, and now have 8/16 hp.
You hit the kobold.
You kill the kobold!
You closely miss the hobgoblin. The hobgoblin hits you.
* * * LOW HITPOINT WARNING * * *
😨 HP[-1]
You take 1 damage, and now have 7/16 hp.
You hit the hobgoblin. The hobgoblin misses you.
The hobgoblin hits you but does no damage.
You closely miss the hobgoblin. The hobgoblin hits you.
* * * LOW HITPOINT WARNING * * *
😨 HP[-2]
You take 2 damage, and now have 5/16 hp.
You aren't carrying any potions.
Aiming: Throw Flame
Press: ? - help, Shift-Dir - straight line, f/p - hobgoblin
Aim: a hobgoblin (moderately wounded, 71% to hit)
The puff of flame hits the hobgoblin!
You kill the hobgoblin!
Aiming: Throw Flame
Press: ? - help, Shift-Dir - straight line, f - goblin
Aim: a goblin, wielding a +0 club (64% to hit)
The puff of flame hits the goblin!
You kill the goblin!
You closely miss the rat. The rat bites you but does no damage.
The rat bites you.
You hit the rat.
You kill the rat!
The rat completely misses you.
You hit the rat.
You kill the rat!
You have reached level 2! 😨 HP[+2] MP[+1]
You now have 24 max hp (+8).
You regained 2 hp, and now have 7/24 hp.
Your mp is fully restored (2).
You barely miss the rat. The rat bites you.
* * * LOW HITPOINT WARNING * * *
The rat bites you. 😱 HP[-1]
You take 1 damage, and now have 6/24 hp.
You barely miss the rat. The rat bites you.
* * * LOW HITPOINT WARNING * * *
😱 HP[-1]
You take 1 damage, and now have 5/24 hp.
You hit the rat.
You kill the rat!
Your magical essence is drained by the effort!
You feel much better. 😕 HP[+17] MP[-1]
You regained 17 hp, and now have 22/24 hp.
Are you sure you want to abandon this character and quit the game? (Confirm with "yes".)

Skill      XL: |  1 |
---------------+----+-----
Stealth        | 2 |  2.8
Fighting       | |  0.8
Armour         | |  2.1
Dodging        | |  1.1
Evocations     | |  4.0

Action                   || total
-------------------------++-------
Melee: Club              ||    31
 Abil: Heal Wounds       ||     1
Evoke: Wand              ||     2
  Use: Potion            ||     1
Armor: Leather armour    ||    23
Dodge: Dodged            ||    44

Levels and vault maps discovered:
D:1:      dpeg_arrival_leaves_temple_mockup, layout_basic,
          minmay_rat_gold_closets

Notes
Turn   | Place    | Note
-------+----------+-------------------------------------------
     0 | D:1      | spaghetti the Deep Dwarf Artificer began the quest for the
                  | Orb.
     0 | D:1      | Reached XP level 1. HP: 16/16 MP: 1/1
     0 | D:1      | magus.rc [v1.9.6]
   118 | D:1      | Reached skill level 2 in Stealth
   129 | D:1      | Reached XP level 2. HP: 7/24 MP: 2/2
   129 | D:1      | HP: 6/24 [rat (1)]
   133 | D:1      | Quit the game

Vanquished Creatures
  A ball python (D:1)
  A goblin (D:1)
  A hobgoblin (D:1)
  A quokka (D:1)
  A bat (D:1)
  A kobold (D:1)
  3 rats (D:1)
9 creatures vanquished.

Table legend:
 A = Non-vault XP
 B = Vault XP
 C = Vault XP percentage of total XP
 D = Non-vault monster count
 E = Vault monster count
 F = Vault count percentage of total count
                 A         B        C        D         E       F
            +---------+---------+-------+---------+---------+-------
      Total |      13 |       0 |   0.0 |       9 |       0 |   0.0
            +---------+---------+-------+---------+---------+-------
        D:1 |      13 |       0 |   0.0 |       9 |       0 |   0.0
            +---------+---------+-------+---------+---------+-------

Illustrated notes

Table legend:
 A = Kills in this place as a percentage of kills in entire the game.
 B = Kills by you in this place as a percentage of kills by you in the entire game.
 C = Kills by friends in this place as a percentage of kills by friends in the entire game.
 D = Other kills in this place as a percentage of other kills in the entire game.
 E = Experience gained in this place as a percentage of experience gained in the entire game.
 F = Experience gained in this place divided by the number of levels of this place that you have seen.
                   A       B       C       D       E      F
               +-------+-------+-------+-------+-------+----------------------
         Total | 100.0 | 100.0 |   N/A |   N/A | 100.0 |  13.0
       Dungeon | 100.0 | 100.0 |   N/A |   N/A | 100.0 |  13.0
               +-------+-------+-------+-------+-------+----------------------

Table legend: (Time is in decaauts)
 A = Elapsed time spent in this place.
 B = Non-inter-level travel time spent in this place.
 C = Inter-level travel time spent in this place.
 D = Time resting spent in this place.
 E = Time spent auto-exploring this place.
 F = Levels seen in this place.
 G = Mean time per level.
                   A        B        C        D        E       F      G
               +--------+--------+--------+--------+--------+-----+--------+
         Total |    142 |    142 |      0 |      0 |     48 |   1 |  142.0 |
       Dungeon |    142 |    142 |      0 |      0 |     48 |   1 |  142.0 |
               +--------+--------+--------+--------+--------+-----+--------+

Top non-repeatable levels by time:
     D:1: 142 daAuts
